 Dungeon Crawl Stone Soup version 0.19.4-10-g532645f (webtiles) character file.

98 Rrauwl the Ducker (level 4, -1/30 HPs)
             Began as a Merfolk Summoner on Feb 26, 2017.
             Killed by nerve-wracking pain
             ... invoked by Grinder
              (11 damage)
             ... on level 3 of the Dungeon.
             The game lasted 00:16:31 (2140 turns).

Rrauwl the Ducker (Merfolk Summoner)                Turns: 2140, Time: 00:16:31

Health: -1/30      AC:  2    Str:  9    XL:     4   Next: 69%
Magic:  10/16      EV: 15    Int: 14    God:
Gold:   129        SH:  0    Dex: 14    Spells: 1 memorised, 5 levels left

rFire  . . .     SeeInvis .     n - +0 spear
rCold  . . .     Gourm    .     a - +0 robe
rNeg   . . .     Faith    .     (no shield)
rPois  .         Spirit   .     (no helmet)
rElec  .         Reflect  .     (no cloak)
rCorr  .         Harm     .     (no gloves)
MR     .....     Rnd*Tele +     (no boots)
Stlth  ++........               (no amulet)
                                e - ring of magical power
                                i - ring of teleportation (curse)

@: very slightly contaminated
A: change form in water, swift swim, stealthy swim
a: no special abilities


You were on level 3 of the Dungeon.
You were hungry.

You visited 1 branch of the dungeon, and saw 3 of its levels.

You collected 129 gold pieces.

Inventory:

Hand Weapons
 n - a +0 spear (weapon)
Armour
 a - a +0 robe (worn)
Jewellery
 e - a ring of magical power (right hand)
 i - a cursed ring of teleportation (left hand)
Wands
 k - a wand of iceblast (11/15)
Scrolls
 f - 2 scrolls of identify
 l - a scroll of teleportation
Books
 b - a book of Callings

   Spells                             Type                      Level
   a - Summon Small Mammal            Summoning                    1
   b - Call Imp                       Summoning                    2
   c - Call Canine Familiar           Summoning                    3
   d - Summon Guardian Golem          Hexes/Summoning              3
   e - Summon Lightning Spire         Summoning/Air                4
   f - Summon Ice Beast               Ice/Summoning                4
Comestibles
 c - 2 bread rations
 h - a meat ration
 j - a royal jelly
 m - a beef jerky
 o - a slice of pizza


   Skills:
 + Level 0.2 Fighting
 + Level 2.4 Polearms
 + Level 5.7 Dodging
 - Level 2.1 Stealth
 - Level 2.0 Spellcasting
 - Level 4.0 Summonings


You had 5 spell levels left.
You knew the following spells:

 Your Spells              Type           Power        Failure   Level  Hunger
a - Call Imp              Summ           ##......     10%         2    ###....


Dungeon Overview and Level Annotations

Branches:
Dungeon (3/15)

Altars:

Annotations:
D:3 Grinder


Message History

Attack whom?
Press: ? - help, Dir - move target cursor, f - jackal
Aim: a jackal You reach to attack!
You hit the jackal.
The jackal is severely wounded.
Your white imp gestures at the jackal.
The puff of frost hits the jackal.
The jackal dies!
Your crimson imp hits Grinder but does no damage.
Grinder hits your crimson imp!
Your crimson imp hits Grinder.
Attack whom?
Press: ? - help, Dir - move target cursor, f - Grinder
Aim: Grinder (severely wounded)
You reach to attack!
You hit Grinder.
Grinder is severely wounded.
Your white imp barely misses Grinder.
Your crimson imp misses Grinder.
Grinder gestures at you. Pain shoots through your body!
You die...

### ###.##### ##
...#... ...
#.#.####..##
#...........
######@......(..
........5........
###.#.#55########
###### #.#†.# ..
...... #
#..#.##### .>....
#......... ######
###.######## #
#........... #
###.#######.


You could see Grinder, a friendly crimson imp and a friendly white imp.

Vanquished Creatures
  3 adders
  A worm (D:2)
  A dart slug (D:1)
  A leopard gecko (D:1)
  A giant cockroach (D:3)
  3 goblins (D:1)
  6 hobgoblins
  5 jackals (D:3)
  5 kobolds
  A ball python (D:1)
  6 bats
  A frilled lizard (D:3)
  3 rats
37 creatures vanquished.

Vanquished Creatures (collateral kills)
  2 adders
  2 worms (D:2)
  4 dart slugs
  2 goblins
  4 hobgoblins
  6 jackals
  A kobold (D:2)
  3 bats
  A frilled lizard (D:1)
  A rat (D:1)
26 creatures vanquished.

Grand Total: 63 creatures vanquished

Notes
Turn   | Place    | Note
-------+----------+-------------------------------------------
     0 | D:1      | Rrauwl the Merfolk Summoner began the quest for the Orb.
     0 | D:1      | Reached XP level 1. HP: 13/13 MP: 3/3
    48 | D:1      | Reached skill level 3 in Dodging
   131 | D:1      | Reached XP level 2. HP: 3/19 MP: 1/5
   462 | D:1      | Reached skill level 4 in Dodging
   705 | D:1      | Learned a level 2 spell: Call Imp
   726 | D:1      | Reached XP level 3. HP: 24/24 MP: 3/6
  1057 | D:2      | Reached skill level 5 in Dodging
  1148 | D:2      | Reached skill level 1 in Polearms
  1194 | D:2      | Reached XP level 4. HP: 23/30 MP: 7/7
  1835 | D:3      | Noticed Grinder
  2087 | D:3      | Paralysed by Grinder for 4 turns
  2113 | D:3      | Paralysed by Grinder for 2 turns
  2122 | D:3      | HP: 1/30 [Grinder (2)]
  2140 | D:3      | Killed from afar by Grinder

Skill      XL: |  1  2  3  4 |
---------------+-------------+-----
Dodging        | 3 4 5 |  5.7
Polearms       | 1 2 |  2.4
Fighting       | |  0.2
Stealth        | |  2.1
Spellcasting   | |  2.0
Summonings     | |  4.0

Action                   |  1- 3 |  4- 6 || total
-------------------------+-------+-------++-------
Melee: Dagger            |    65 |       ||    65
       Unarmed           |     6 |       ||     6
       Spear             |    19 |    90 ||   109
 Cast: Summon Small Mamm |     9 |       ||     9
       Call Imp          |     8 |    21 ||    29
  Use: Scroll            |     5 |     2 ||     7
       Potion            |     1 |     3 ||     4
 Stab: Distracted        |     1 |     3 ||     4
       Sleeping          |     1 |     1 ||     2
  Eat: Chunk             |     2 |     4 ||     6
Armor: Robe              |    21 |     8 ||    29
Dodge: Dodged            |    72 |    61 ||   133
